 Dungeon Crawl Stone Soup version 0.18-b1-17-g3aa4875 (webtiles) character file.

103 shmeve the Skirmisher (level 4, -2/40 HPs)
             Began as a Draconian Berserker on May 2, 2016.
             Was a Believer of Trog.
             Slain by an orc priest
             ... wielding a +0 trident
              (3 damage)
             ... on level 3 of the Dungeon.
             The game lasted 00:03:56 (1574 turns).

shmeve the Skirmisher (Draconian Berserker)         Turns: 1574, Time: 00:03:56

Health: -2/40      AC:  5    Str: 21    XL:     4   Next: 51%
Magic:  4/4        EV: 13    Int:  7    God:    Trog [**....]
Gold:   108        SH:  0    Dex: 10    Spells: 0 memorised, 3 levels left

rFire  . . .     SeeInvis .     a - +0 hand axe
rCold  . . .     Gourm    .     (armour unavailable)
rNeg   . . .     Faith    .     (no shield)
rPois  .         Spirit   .     (helmet restricted)
rElec  .         Dismiss  .     (no cloak)
rCorr  .         Reflect  .     (no gloves)
SustAt .         Harm     .     (no boots)
MR     .....                    (no amulet)
Stlth  +.........               (no ring)
                                d - +1 ring of evasion

@: not resistant to hostile enchantments, very unstealthy
A: unfitting armour, cold-blooded, AC +5
a: Berserk, Trog's Hand, Burn Spellbooks, Renounce Religion


You were on level 3 of the Dungeon.
You worshipped Trog.
Trog was pleased with you.
You were not hungry.

You visited 1 branch of the dungeon, and saw 3 of its levels.

You collected 108 gold pieces.

Inventory:

Hand Weapons
 a - a +0 hand axe (weapon)
Jewellery
 d - a +1 ring of evasion (left hand)
Scrolls
 f - 4 scrolls of identify {unknown}
 h - 2 scrolls of teleportation {unknown}
 i - 2 scrolls of enchant armour {unknown}
 k - a scroll of remove curse {unknown}
 m - a scroll of magic mapping {unknown}
Potions
 c - a potion of heal wounds {unknown}
 e - 2 potions of resistance {unknown}
 g - a potion of brilliance {unknown}
 l - a potion of curing {unknown}
Comestibles
 b - 3 bread rations
 j - 2 meat rations
 n - a fruit


   Skills:
 * Level 4.1 Fighting
 * Level 4.0 Axes
 * Level 3.2 Dodging
 + Level 1.2 Stealth


You had 3 spell levels left.
You didn't know any spells.

Dungeon Overview and Level Annotations

Branches:
Dungeon (3/15)

Altars:
Cheibriados
Nemelex Xobeh
Sif Muna


Innate Abilities, Weirdness & Mutations

Your plain brown scales are hard (AC +5).
Your body does not fit into most forms of armour.
You are cold-blooded and may be slowed by cold attacks.


Message History

Pain shoots through your body!
* * * LOW HITPOINT WARNING * * *
You hit the orc priest but do no damage.
The orc priest is moderately wounded.
You hit the orc but do no damage.
The orc is lightly wounded.
The orc misses you. The orc priest hits you with a trident.
* * * LOW HITPOINT WARNING * * *
You hit the orc priest.
The orc priest is heavily wounded.
You hit the orc but do no damage.
The orc is lightly wounded.
The orc hits you with a mace.
* * * LOW HITPOINT WARNING * * *
The orc priest barely misses you.
You closely miss the orc priest. You tail-slap the orc priest.
The orc priest is heavily wounded.
You hit the orc but do no damage. The orc barely misses you.
The orc priest hits you with a trident.
You die...

### # ..# #.
##.# #.. ..# ..
#.# #######..
#.##o###<.....#
#.o@.)...####.#
#.......#####
#....<..#
..######## #


You could see an orc priest and an orc.

Vanquished Creatures
  3 gnolls (D:2)
  2 adders (D:2)
  3 worms (D:2)
  3 dart slugs
  A giant gecko (D:1)
  2 orcs (D:3)
  A ball python (D:1)
  3 bats
  A giant cockroach (D:1)
  5 goblins
  5 hobgoblins
  6 jackals
  2 giant newts (D:1)
  A kobold (D:2)
  A rat (D:2)
39 creatures vanquished.

Notes
Turn   | Place    | Note
--------------------------------------------------------------
     0 | D:1      | shmeve the Draconian Berserker began the quest for the Orb.
     0 | D:1      | Reached XP level 1. HP: 19/19 MP: 1/1
   342 | D:1      | Reached XP level 2. HP: 22/26 MP: 2/2
   682 | D:2      | Reached XP level 3. HP: 33/33 MP: 3/3
   695 | D:2      | Reached ** piety under Trog
   819 | D:2      | Found a snail-covered altar of Cheibriados.
   822 | D:2      | Found a deep blue altar of Sif Muna.
   824 | D:2      | Found a sparkling altar of Nemelex Xobeh.
   898 | D:2      | Reached skill level 1 in Stealth
   899 | D:2      | Reached XP level 4. HP: 5/40 MP: 4/4
  1573 | D:3      | HP: 1/40 [orc/mace (3)]
  1574 | D:3      | Slain by an orc priest

Skill      XL: |  1  2  3  4 |
---------------+-------------+-----
Dodging        | 3 |  3.2
Fighting       | 4 |  4.1
Stealth        | 1 |  1.2
Axes           | 4 |  4.0

Action                   |  1- 3 |  4- 6 || total
-------------------------+-------+-------++-------
Melee: Hand axe          |    87 |    46 ||   133
       Tailslap          |    15 |     7 ||    22
Invok: Berserk           |     1 |       ||     1
  Eat: Chunk             |     1 |     1 ||     2
       Fruit             |       |     1 ||     1
Armor: Skin              |    17 |    10 ||    27
Dodge: Dodged            |    77 |    34 ||   111
